Map: Ley Lines

Players

TwoNeurons - Winner!

  • Race: Zerg Zerg
  • League: Diamond
  • Spawn Location: 7:00

ManlyManMeat

  • Race: Protoss Protoss
  • League: Master
  • Spawn Location: 1:00

VOD

Have the link to the VOD?

Description

Time

  • Played on: June 14, 2025, 3:34 p.m.
  • Length: 2:22
Show
View Real Time Build Order
Export as new Build Order

TwoNeurons Zerg - Winner!

Build Orders: Pool First 

Get SALT Encoding   

  12  0:04  Drone  
  13  0:08  Drone  
  13  0:14  Drone, Extractor  
  15  0:30  Spawning Pool  
  14  0:55  Overlord  
  14  1:07  Hatchery  
  13  1:18  Zergling x2  
  13  1:19  Zergling x4  
  16  1:31  Zergling x2  
  17  1:41  Zergling x2  
  18  1:52  Zergling x2  
  21  2:03  Zergling x2  
Show
View Real Time Build Order
Export as new Build Order

ManlyManMeat Protoss 

Build Orders: 1 Gate Expand 

Get SALT Encoding   

  12  0:00  Probe  
  13  0:12  Probe  
  14  0:19  Pylon  
  14  0:24  Probe  
  15  0:33  Probe  
  15  0:41  Gateway, Probe  
  16  0:48  Assimilator  
  17  0:53  Probe  
  18  1:19  Nexus  
  18  1:26  Probe  
  19  1:34  Cybernetics Core  
  19  1:44  Pylon  
  19  1:45  Probe  
  20  2:02  Gateway  
  20  2:09  Probe  
  20  2:10  Assimilator  
Tags
 
Add a new tag
Caveats
  • Supply blocks, unpowered buildings, or Contaminate may cause inaccurate times.
  • Supply counts are checked every 10 seconds.